 Dungeon Crawl Stone Soup version 0.26-a0-672-g1df16c3386 (webtiles) character file.

Game seed: 11300216618092539280

279 voltaire321 the Insei (level 6, 0/40 HPs)
             Began as an Octopode Transmuter on Oct 20, 2020.
             Slain by an orc
             ... wielding a +0 trident
              (9 damage)
             ... on level 4 of the Dungeon.
             The game lasted 00:12:54 (3919 turns).

voltaire321 the Insei (Octopode Transmuter)         Turns: 3919, Time: 00:12:54

Health: 0/40       AC:  1    Str:  9    XL:     6   Next: 26%
Magic:  8/10       EV: 14    Int: 16    God:
Gold:   189        SH:  0    Dex: 14    Spells: 4/10 levels left

rFire    . . .     SeeInvis .     - Unarmed
rCold    . . .     Faith    .   (no shield)
rNeg     . . .     Spirit   .   (helmet restricted)
rPois    .         Reflect  .   (no amulet)
rElec    .         Harm     .   (no ring)
rCorr    .         Rampage  .   (no ring)
MR       .....                  (no ring)
Stlth    ++........             (no ring)
HPRegen  0.13/turn              (no ring)
MPRegen  0.12/turn              (no ring)
                                (no ring)
                                (no ring)

@: mighty, wereblooded
A: almost no armour, stealthy swim, amphibious, 8 rings, constrict 8, camouflage
1, gelatinous body 1
a: no special abilities


You were on level 4 of the Dungeon.
You visited 1 branch of the dungeon, and saw 4 of its levels.

You collected 189 gold pieces.

Inventory:

Jewellery
 n - an uncursed amulet of guardian spirit {unknown}
Scrolls
 b - a scroll of fog {unknown}
 f - 3 scrolls of identify
 g - a scroll of blinking
 i - a scroll of fear {unknown}
 k - 2 scrolls of remove curse
 m - a scroll of magic mapping {unknown}
 o - a scroll of amnesia {unknown}
 p - a scroll of enchant armour {unknown}
Potions
 a - 2 potions of mutation {unknown}
 c - a potion of might
 d - a potion of curing {unknown}
 e - 2 potions of heal wounds {unknown}
 h - 2 potions of cancellation
 j - a potion of ambrosia {unknown}
 l - 3 potions of haste {unknown}
 q - a potion of stabbing {unknown}


   Skills:
 + Level 2.3 Fighting
 + Level 3.0 Dodging
 + Level 3.7 Unarmed Combat
 + Level 2.7 Spellcasting
 * Level 3.6 Transmutations
 * Level 2.7 Poison Magic


You had 4 spell levels left.
You knew the following spells:

 Your Spells              Type           Power        Failure   Level
a - Beastly Appendage     Tmut           ##....       4%          1
b - Wereblood             Tmut           ##......     7%          2
c - Spider Form           Tmut/Pois      ##........   16%         3

Your spell library contained the following spells:

 Spells                   Type           Power        Failure   Level
 Ice Form                 Ice/Tmut       #.......     65%         4
 Blade Hands              Tmut           ##........   77%         5


Dungeon Overview and Level Annotations

Branches:
Dungeon (4/15)
 Temple: D:4-7

Altars:
Ashenzari
Cheibriados
Gozag
Hepliaklqana
Trog
Zin


Innate Abilities, Weirdness & Mutations

You cannot wear most types of armour.
You are very stealthy in the water. (Stealth+)
You are amphibious.
You can wear up to eight rings at the same time.
You can use your tentacles to constrict eight enemies at once.
Your skin changes colour to match your surroundings (Stealth+).
Your rubbery body absorbs attacks. (AC +1, EV +1)


Message History

You constrict the orc wizard, but do no damage.
The orc misses you.
The orc priest calls upon Beogh to heal the orc wizard.
The orc wizard is healed somewhat.
The orc wizard hits you with a +0 dagger.
You tentacle-slap the orc wizard.
You pierce the orc wizard.
The orc wizard is heavily wounded.
You constrict the orc wizard, but do no damage.
The orc closely misses you. The orc wizard barely misses you.
You completely miss the orc wizard.
The orc wizard is heavily wounded.
You howl as the wereblood boils in your veins!
You constrict the orc wizard.
The orc hits you from afar with a +0 trident!
* * * LOW HITPOINT WARNING * * *
The orc wizard barely misses you.
You feel very mighty all of a sudden.
Your tentacle spike disappears.
You constrict the orc wizard.
The orc hits you from afar with a +0 trident!
You die...

#........###
####........#
#.................
#.#####.#.#.######
'.# #.#.#.....# ###
#.#.####... # #
#.#.## #.# .#.# #
#.#.##.##.##...(# #
#.#.......@oo#.. #
#.####.##.##o..# #
#.# #.#[#.#.## #
#.# #.[.# # # #.#
###.### # #.#
#.....#
#######.#####.###.#
..............# ...
........#.###.###
###


You could see an orc priest, an orc wizard and an orc.

Vanquished Creatures
  A necrophage (D:3)
  A howler monkey (D:4)
  An orc wizard (D:4)
  A worker ant (D:4)
  4 adders (D:2)
  2 worms (D:2)
  3 dart slugs
  A leopard gecko (D:2)
  2 orcs
  3 giant cockroaches
  7 goblins
  6 hobgoblins
  2 jackals (D:1)
  10 kobolds
  A ball python (D:3)
  6 bats
  4 frilled lizards
  A jackal skeleton (D:4)
  A leopard gecko skeleton (D:4)
  7 rats (D:1)
64 creatures vanquished.

Notes
Turn   | Place    | Note
-------+----------+-------------------------------------------
     0 | D:1      | voltaire321 the Octopode Transmuter began the quest for the
                  | Orb.
     0 | D:1      | Reached XP level 1. HP: 13/13 MP: 3/3
   175 | D:1      | Reached XP level 2. HP: 16/18 MP: 3/5
   196 | D:1      | Learned a level 2 spell: Wereblood
   537 | D:1      | Reached XP level 3. HP: 19/23 MP: 3/6
   910 | D:1      | Learned a level 3 spell: Spider Form
  1322 | D:2      | Found a snail-covered altar of Cheibriados.
  1614 | D:2      | Reached skill level 1 in Poison Magic
  1614 | D:2      | Reached XP level 4. HP: 29/29 MP: 5/7
  1615 | D:2      | Found a hazy altar of Hepliaklqana.
  1970 | D:2      | Found a glowing silver altar of Zin.
  2638 | D:3      | Noticed a necrophage
  2647 | D:3      | Killed a necrophage
  2647 | D:3      | Reached XP level 5. HP: 19/34 MP: 4/8
  3031 | D:3      | Found a bloodstained altar of Trog.
  3258 | D:3      | Found a broken altar of Ashenzari.
  3629 | D:4      | Noticed a vampire mosquito
  3630 | D:4      | Found an opulent altar of Gozag.
  3747 | D:4      | Reached XP level 6. HP: 36/39 MP: 8/10
  3919 | D:4      | Slain by an orc

Illustrated notes

Levels and vault maps discovered:
D:1:      lemuel_arrival_hallway, layout_loops_corners
D:2:      layout_loops_corners, cheibriados_altar_1, lemuel_crystal_altar,
          zin_academy
D:3:      layout_basic, nicolae_overflow_crystal_walls, ashenzari_altar_1
D:4:      layout_loops_ring, lemuel_doored_altar, marbit_many_paths,
          gammafunk_temple_overflow_arena, serial_shops, kennysheep_mini_moat,
          chequers_serial_rivers_room_b

Skill      XL: |  1  2  3  4  5  6 |
---------------+-------------------+-----
Poison Magic   | 1 2 |  2.7
Fighting       | 2 |  2.3
Transmutations | 3 |  3.6
Dodging        | 3 |  3.0
Unarmed Combat | |  3.7
Spellcasting   | |  2.7

Action                   |  1- 3 |  4- 6 || total
-------------------------+-------+-------++-------
Melee: Unarmed           |    77 |    77 ||   154
       Constrict         |    20 |    24 ||    44
       Kick              |    18 |    19 ||    37
       Tentacles         |    10 |    17 ||    27
       Punch             |     3 |     1 ||     4
 Cast: Beastly Appendage |    23 |    21 ||    44
       Wereblood         |     4 |     3 ||     7
  Use: Scroll            |     3 |     1 ||     4
       Potion            |       |     1 ||     1
 Stab: Sleeping          |     2 |     3 ||     5
Armor: Skin              |     6 |     8 ||    14
Dodge: Dodged            |    37 |    56 ||    93

Table legend: (Time is in decaauts)
 A = Elapsed time spent in this place.
 B = Non-inter-level travel time spent in this place.
 C = Inter-level travel time spent in this place.
 D = Time resting spent in this place.
 E = Time spent auto-exploring this place.
 F = Levels seen in this place.
 G = Mean time per level.
                   A        B        C        D        E       F      G
               +--------+--------+--------+--------+--------+-----+--------+
         Total |   3908 |   3880 |     28 |    861 |   1965 |   4 |  977.0 |
       Dungeon |   3908 |   3880 |     28 |    861 |   1965 |   4 |  977.0 |
               +--------+--------+--------+--------+--------+-----+--------+

Top non-repeatable levels by time:
     D:2: 1535 daAuts
     D:1: 1088 daAuts
     D:3: 984 daAuts
     D:4: 299 daAuts
